 Dungeon Crawl Stone Soup version 0.29.1-1-gd02db6906a (webtiles) character file.

Game seed: 2408147910366341863

18 tardwrangler69 the Trooper (level 2, 0/19 HPs)
             Began as a Gargoyle Chaos Knight on Sept 28, 2022.
             Was a Plaything of Xom.
             Slain by an iguana (5 damage)
             ... on level 4 of the Dungeon.
             The game lasted 00:01:11 (1036 turns).

tardwrangler69 the Trooper (Gargoyle Chaos Knight)  Turns: 1036, Time: 00:01:11

Health: 0/19       AC: 10    Str: 15    XL:     2   Next: 66%
Magic:  2/2        EV: 11    Int: 18    God:    Xom [..*...]
Gold:   111        SH:  0    Dex:  9    Spells: 1/1 levels left

rFire   . . .      SeeInvis .   n - +0 hand axe
rCold   . . .      Faith    .   (no shield)
rNeg    + . .      Spirit   .   b - +2 leather armour
rPois   ∞          Reflect  .   j - +0 helmet
rElec   +          Harm     .   k - +0 cloak
rCorr   .          Rampage  .   (no gloves)
Will    .....                   (no boots)
Stlth   +.........              (no amulet)
HPRegen 0.06/turn               e - +6 ring of intelligence
MPRegen 0.08/turn               (no ring)

@: no status effects
A: sickness immunity, AC +2, negative energy resistance 1, electricity
resistance, torment resistance 1, petrification resistance
a: Renounce Religion


You were on level 4 of the Dungeon.
You worshipped Xom.
You were a toy of Xom.
You visited 1 branch of the dungeon, and saw 3 of its levels.

You collected 111 gold pieces.

Inventory:

Hand Weapons
 n - a +0 hand axe (weapon)
Armour
 b - a +2 leather armour (worn)
 j - a +0 helmet (worn)
 k - a +0 cloak (worn)
Jewellery
 e - a +6 ring of intelligence (left hand)
Scrolls
 f - a scroll of amnesia {unknown}
 i - 3 scrolls of identify {unknown}
 l - a scroll of butterflies {unknown}
 m - a scroll of blinking {unknown}
Potions
 d - a potion of lignification {unknown}
 g - a potion of cancellation {unknown}
 h - a potion of flight {unknown}
Miscellaneous
 c - a piece from Xom's chessboard (15/15) (quivered)


   Skills:
 + Level 3.6 Fighting
 * Level 3.3 Axes
 - Level 2.1 Armour
 - Level 0.7 Dodging


You had one spell level left.
You didn't know any spells.
Your spell library contained the following spells:

 Spells                   Type           Power      Damage    Failure   Level
 Blink                    Tloc           0%         N/A       38%         2
 Stone Arrow              Conj/Erth      0%         3d7       63%         3
 Animate Armour           Summ/Erth      0%         N/A       95%         4
 Manifold Assault         Tloc           0%         N/A       100%        5
 Storm Form               Tmut/Air       0%         N/A       100%        7
 Lehudib's Crystal Spear  Conj/Erth      0%         10d2      100%        8


Dungeon Overview and Level Annotations

Branches:
Dungeon (4/15)
 Temple: D:4-7

Altars:


Innate Abilities, Weirdness & Mutations

You are immune to sickness and miasma.
Your stone body is resilient. (AC +2)
You are immune to poison.
You resist negative energy. (rN+)
You are resistant to electric shocks. (rElec)
You are resistant to unholy torment.
You are immune to petrification.


Message History

You completely miss the rat. The rat bites you. The rat barely misses you.
You slash the rat! You burn the rat.
You kill the rat!
No target in view!
No target in view!
You see here a staff of cold.
HP restored.
A sourceless malevolence fills the Dungeon...
You fall into a shaft and drop 2 floors!
The shaft crumbles and collapses.
Xom is highly amused!
There is a stone staircase leading down here.
Found an escape hatch in the floor.
There is an escape hatch in the floor here.
You now have 104 gold pieces (gained 8).
Found a hand axe.
You now have 111 gold pieces (gained 7).
m - a scroll labelled YJANIERUUF You see here a +0 hand axe.
n - a +0 hand axe
n - a +0 hand axe (weapon)
You drop a +0 hand axe of chaos.
Found a ring mail.
You see here a +0 ring mail.
An iguana comes into view.
The iguana hisses angrily.
An iguana is nearby!
The iguana hisses menacingly.
The iguana closely misses you.
You closely miss the iguana. The iguana bites you.
A shower of butterflies erupts from you!
You hit the iguana.
The iguana is moderately wounded.
The iguana bites you!
* * * LOW HITPOINT WARNING * * *
You hit the iguana but do no damage.
The iguana is moderately wounded.
The iguana bites you.
You die...
Xom is highly amused!

###############
#....[.bb.@lb.#
#.###########.#
#.# #.# #.#
#######.#
###.#####........
#........># #.#
###.#.#####.# #.#
#..)..# #.# #.#
###.....# #.# #.#
#.#


You could see an iguana (ally target).

Vanquished Creatures
  2 dart slugs
  An endoplasm (D:1)
  2 goblins (D:1)
  A quokka (D:1)
  A ball python (D:1)
  2 bats (D:1)
  3 frilled lizards
  2 kobolds (D:1)
  2 rats
16 creatures vanquished.

Notes
Turn   | Place    | Note
-------+----------+-------------------------------------------
     0 | D:1      | tardwrangler69 the Gargoyle Chaos Knight began the quest
                  | for the Orb.
     0 | D:1      | Reached XP level 1. HP: 14/14 MP: 1/1
   146 | D:1      | XOM: smoke on damage
   317 | D:1      | Reached XP level 2. HP: 19/19 MP: 2/2
   343 | D:1      | XOM: noise
   650 | D:1      | XOM: god gift: 43 gold pieces
   963 | D:2      | You fall into a shaft and drop 2 floors!
  1034 | D:4      | XOM: butterfly on damage
  1036 | D:4      | Slain by an iguana

Illustrated notes

Levels and vault maps discovered:
D:1:      elethiomel_arrival_infinity_welcomes_careful_drivers, layout_basic
D:2:      layout_basic, serial_shops, shop, nicolae_shop_behind_doors, shop,
          shop, basic_altar, hellmonk_ecumenical_altar_zigzags,
          minmay_split_cup_small
D:4:      layout_loops_ring, uniq_crazy_yiuf_cottage

Skill      XL: |  1 |
---------------+----+-----
Axes           | 3 |  3.3
Fighting       | |  3.6
Armour         | |  2.1
Dodging        | |  0.7

Action                   || total
-------------------------++-------
Melee: Hand axe          ||    47
Armor: Leather armour    ||    23
Dodge: Dodged            ||    25
